 Dungeon Crawl Stone Soup version 0.22.1-1-ga44c0e5 (webtiles) character file.

597 jerryfan the Shield-Bearer (level 7, -1/44 HPs)
             Began as a Gargoyle Fighter on Oct 16, 2018.
             Slain by a phantom (3 damage)
             ... on level 5 of the Dungeon.
             The game lasted 00:11:18 (3768 turns).

jerryfan the Shield-Bearer (Gargoyle Fighter)       Turns: 3768, Time: 00:11:19

Health: -1/44      AC: 13    Str: 22    XL:     7   Next: 40%
Magic:  7/7        EV: 10    Int:  8    God:
Gold:   177        SH: 10    Dex:  9    Spells: 6/6 levels left

rFire    . . .     SeeInvis .   a - +1 flail
rCold    . . .     Gourm    .   c - +0 shield
rNeg     + . .     Faith    .   b - +0 scale mail
rPois    ∞         Spirit   .   (no helmet)
rElec    +         Reflect  .   (no cloak)
rCorr    .         Harm     .   (no gloves)
MR       .....                  t - +0 pair of boots
Stlth    ..........             (no amulet)
HPRegen  0.14/turn              h - +3 ring of evasion
MPRegen  0.10/turn              (no ring)

@: no status effects
A: negative energy resistance 1, electricity resistance, unbreathing,
petrification resistance, rot immunity, AC +4
a: no special abilities


You were on level 5 of the Dungeon.
You were hungry.

You visited 1 branch of the dungeon, and saw 5 of its levels.

You collected 177 gold pieces.

Inventory:

Hand Weapons
 a - a +1 flail (weapon)
Armour
 b - a +0 scale mail (worn)
 c - a +0 shield (worn)
 t - a +0 pair of boots (worn)
Jewellery
 h - a +3 ring of evasion (left hand)
Scrolls
 i - 2 scrolls of identify
 k - a scroll of teleportation
 l - a scroll of amnesia
Potions
 d - a potion of might
 e - 2 potions of brilliance
 g - a potion of curing
 j - a potion of degeneration {unknown}
 n - a potion of haste {unknown}
 o - 2 potions of invisibility {unknown}
 p - a potion of lignification {unknown}
 q - a potion of agility {unknown}
Comestibles
 f - 2 rations


   Skills:
 * Level 5.2 Fighting
 * Level 4.0 Maces & Flails
 + Level 1.9 Throwing
 * Level 5.1 Armour
 * Level 5.2 Shields


You had 6 spell levels left.
You didn't know any spells.
Your spell library contained the following spells:

 Spells                   Type           Power        Failure   Level  Hunger
 Confusing Touch          Hex            #.....       98%         1    ##.....
 Confuse                  Hex            #.......     100%        3    ####...
 Gell's Gravitas          Tloc           #.........   100%        3    ####...
 Petrify                  Tmut/Erth      #.......     100%        4    #####..
 Metabolic Englaciation   Hex/Ice        #.........   100%        5    ######.
 Yara's Violent Unravell  Hex/Tmut       #.........   100%        5    ######.


Dungeon Overview and Level Annotations

Branches:
Dungeon (5/15)
 Temple: D:4-7

Altars:
Ashenzari
Kikubaaqudgha
Nemelex Xobeh
Sif Muna
Trog
Wu Jian
Yredelemnul

Annotations:
D:3 2 transporters, exclusions: door and downstairs, Menkaure
D:4 2 transporters


Innate Abilities, Weirdness & Mutations

You are resistant to torment.
Your stone body is resilient. (AC +4)
You are immune to poison.
You resist negative energy. (rN+)
You are resistant to electric shocks. (rElec)
You can survive without breathing.
You are immune to petrification.
You are immune to rotting.


Message History

You hit the orc priest.
The orc priest is almost dead.
You block the orc's attack.
The phantom blinks!
The orc priest closely misses you.
You closely miss the orc priest.
The orc priest is almost dead.
The orc closely misses you.
The orc priest calls down the wrath of Beogh upon you.
Pain shoots through your body! The orc hits you.
You barely miss the orc priest.
The orc priest is almost dead.
The orc priest mumbles some strange prayers to Beogh against you.
Beogh smites you!
* * * LOW HITPOINT WARNING * * *
Okay, then.
You sock the orc priest!
You kill the orc priest!
Your Maces & Flails skill increases to level 4!
The phantom hits you.
You die...

#######
#.#.#.###
#.#.#...#
#.#...#
#o)Wo##.#
#.W..#@....#
#$..o..#.#####
..#.##.#.#<.#
# # ..#.##.#
#.#....#
#.###### #.


You could see a phantom and 2 orcs.

Vanquished Creatures
  A phantom (D:5)
  An ogre (D:4)
  A centaur zombie (D:4)
  3 hounds
  An orc priest (D:5)
  An orc wizard (D:4)
  A worker ant (D:4)
  6 gnolls
  5 adders
  A howler monkey skeleton (D:4)
  A shadow imp (D:4)
  5 oozes
  2 worms (D:2)
  2 dart slugs
  2 leopard geckos
  2 orcs (D:4)
  3 bats
  6 giant cockroaches
  6 goblins
  9 hobgoblins
  3 jackals (D:1)
  A ball python (D:5)
  7 frilled lizards
  6 kobolds
  A quokka skeleton (D:4)
  9 rats
86 creatures vanquished.

Notes
Turn   | Place    | Note
-------+----------+-------------------------------------------
     0 | D:1      | jerryfan the Gargoyle Fighter began the quest for the Orb.
     0 | D:1      | Reached XP level 1. HP: 14/14 MP: 1/1
    44 | D:1      | Reached XP level 2. HP: 18/19 MP: 2/2
   402 | D:1      | Reached XP level 3. HP: 5/23 MP: 3/3
  1056 | D:2      | Reached XP level 4. HP: 27/29 MP: 4/4
  1735 | D:2      | Reached skill level 1 in Throwing
  1746 | D:2      | Reached XP level 5. HP: 31/33 MP: 5/5
  1954 | D:2      | Found a shattered altar of Ashenzari.
  2122 | D:3      | Found a deep blue altar of Sif Muna.
  2472 | D:3      | Found a transporter.
  2585 | D:3      | Found a basalt altar of Yredelemnul.
  2585 | D:3      | Noticed Menkaure
  2587 | D:3      | Found an ancient bone altar of Kikubaaqudgha.
  2587 | D:3      | Noticed a hungry ghost
  2605 | D:3      | Found a transporter.
  2776 | D:3      | Found a bloodstained altar of Trog.
  2776 | D:3      | Found a sparkling altar of Nemelex Xobeh.
  2935 | D:4      | Found a transporter.
  2935 | D:4      | Noticed an ogre
  3021 | D:4      | Reached XP level 6. HP: 37/39 MP: 6/6
  3225 | D:4      | Found a transporter.
  3377 | D:4      | Found an ornate altar of the Wu Jian Council.
  3431 | D:4      | Reached XP level 7. HP: 41/44 MP: 7/7
  3470 | D:4      | Reached skill level 5 in Fighting
  3470 | D:4      | Reached skill level 5 in Armour
  3654 | D:4      | Reached skill level 5 in Shields
  3714 | D:5      | Entered Level 5 of the Dungeon
  3767 | D:5      | HP: 2/44 [orc priest/divine providence (15)]
  3768 | D:5      | Slain by a phantom

Skill      XL: |  1  2  3  4  5  6  7 |
---------------+----------------------+-----
Fighting       | 4 5 |  5.2
Shields        | 4 5 |  5.2
Armour         | 4 5 |  5.1
Throwing       | 1 |  1.9
Maces & Flails | 3 4 |  4.0

Action                   |  1- 3 |  4- 6 |  7- 9 || total
-------------------------+-------+-------+-------++-------
Melee: Flail             |   117 |   215 |    42 ||   374
  Use: Scroll            |     3 |     5 |     2 ||    10
  Eat: Chunk             |     1 |     8 |       ||     9
Armor: Scale mail        |   109 |    85 |    17 ||   211
Dodge: Dodged            |    84 |    84 |    15 ||   183
Block: Shield            |    95 |   101 |    23 ||   219
